 Dungeon Crawl Stone Soup version 0.31.0-9-g3a7656b989 (webtiles) character file.

Game seed: 14433411766774903215

446 qw the Ducker (level 6, -2/30 HPs)
             Began as a Spriggan Hunter on Feb 2, 2024.
             Slain by Pikel
             ... wielding a +2 whip of flaming
              (5 damage)
             ... on level 3 of the Dungeon.
             The game lasted 00:00:14 (3368 turns).

qw the Ducker (Spriggan Hunter)                     Turns: 3368, Time: 00:00:14

Health: -2/30      AC:  2    Str:  7    XL:     6   Next: 73%
Magic:  7/7        EV: 22    Int: 10    God:
Gold:   176        SH:  5    Dex: 21    Spells: 5/5 levels left

rFire   . . .        a - +1 shortbow
rCold   . . .        (shield currently unavailable)
rNeg    + . .        c - +0 robe
rPois   .            (helmet restricted)
rElec   .            (no cloak)
rCorr   .            (gloves unavailable)
SInv    +            (boots unavailable)
Will    +....        e - amulet of reflection
Stlth   ++           j - ring of positive energy
HPRegen 0.25/turn    (no ring)
MPRegen 0.10/turn

%: reflection
@: very quick
A: very small, no large weapons, unfitting armour, see invisible, speed 3
a: no special abilities


You were on level 3 of the Dungeon.
You visited 1 branch of the dungeon, and saw 4 of its levels.

You collected 176 gold pieces.


Innate Abilities, Weirdness & Mutations

You are very small and have problems with some larger weapons.
You are too small for most types of armour.
You have supernaturally acute eyesight. (SInv)
You cover ground extremely quickly. (Speed+++)


   Skills:
 - Level 2.0 Fighting
 + Level 6.3 Ranged Weapons
 - Level 6.8 Dodging
 - Level 1.5 Stealth


You had 5 spell levels left.
You didn't know any spells.
Your spell library was empty.

Inventory:

Hand Weapons
 a - a +1 shortbow (weapon)
Armour
 c - a +0 robe (worn)
Jewellery
 e - an amulet of reflection (around neck)
 j - a ring of positive energy (left hand)
Potions
 b - a potion of mutation
 f - a potion of cancellation
 g - a potion of lignification {unknown}
 h - a potion of curing
 i - a potion of heal wounds {unknown}
 m - a potion of ambrosia {unknown}
 o - a potion of haste {unknown}

Dungeon Overview and Level Annotations

Branches:
Dungeon (4/15)
 Temple: D:4-7

Altars:
Elyvilon
Wu Jian
Yredelemnul
The Shining One

Annotations:
D:3 Pikel


Message History

You shoot an arrow. The arrow closely misses Pikel.
You block Pikel's attack.
You shoot an arrow. The arrow completely misses Pikel.
Pikel closely misses you.
Pikel says, "Hell isn't that bad."
You block Pikel's attack.
You shoot an arrow. The arrow hits Pikel.
Pikel is moderately wounded.
You block Pikel's attack.
You shoot an arrow. The arrow barely misses Pikel.
Pikel misses you.
You shoot an arrow. The arrow hits Pikel!
Pikel is severely wounded.
Pikel hits you with a +2 whip of flaming!
Pikel burns you.
You shoot an arrow. The arrow hits Pikel.
Pikel is severely wounded.
Pikel closely misses you.
You shoot an arrow.
The arrow hits Pikel but does no damage.
Pikel is severely wounded.
Pikel barely misses you.
You shoot an arrow. The arrow barely misses Pikel.
Pikel barely misses you.
You shoot an arrow. The arrow hits Pikel!
Pikel is almost dead.
You block Pikel's attack.
You shoot an arrow.
The arrow hits Pikel but does no damage.
Pikel is almost dead.
Pikel completely misses you.
You feel less attractive to monsters.
You shoot an arrow. The arrow closely misses Pikel.
Pikel closely misses you.
You shoot an arrow. The arrow barely misses Pikel.
Pikel hits you with a +2 whip of flaming.
Pikel burns you.
Pikel hits you with a +2 whip of flaming!
Pikel burns you.
You die...
Pikel says, "See you in Hell!"

##...####.........###....#####
##.## ##.......## #.#.## #.#
##.....## #).## #.# ##...##
##># #.# ##'## #.# #.# #.# #.#
#.#########.# #.#
#.##.....##.## #.#
#.##.....#.@K## #.#
#.............# #.#
####.....#...## #.#
#........########.######
#.#....................#
#.###..)[#############.#
#.....##.# ##.## ########.#
#...# #.# #.7.#


You could see Pikel.

Vanquished Creatures
  Sigmund (D:2)
  A lemure (D:4)
  A bombardier beetle (D:4)
  Natasha (thrice) (D:2)
  5 adders
  2 shadow imps (D:4)
  2 ufetubi (D:3)
  2 dart slugs
  A ribbon worm (D:2)
  15 orcs (D:3)
  12 ball pythons
  5 endoplasms
  7 giant cockroaches
  7 goblins
  4 hobgoblins
  2 jackals (D:2)
  7 kobolds
  A quokka (D:1)
  6 bats
  4 frilled lizards
  3 rats
91 creatures vanquished.

Notes
Turn   | Place    | Note
-------+----------+-------------------------------------------
     0 | D:1      | qw the Spriggan Hunter began the quest for the Orb.
     0 | D:1      | Reached XP level 1. HP: 10/10 MP: 2/2
     0 | D:1      | 0 ||| qw: Version: 0.3-a-155-g5e7d8dd
     0 | D:1      | 0 ||| qw: Game counter: 628
     0 | D:1      | 0 ||| qw: Melee chars always use a shield: true
     0 | D:1      | 0 ||| qw: God list: Okawaru
     0 | D:1      | 0 ||| qw: Allow faded altars: false
     0 | D:1      | 0 ||| qw: Do Orc after clearing Dungeon:15 true
     0 | D:1      | 0 ||| qw: Do second Lair branch before Depths: true
     0 | D:1      | 0 ||| qw: Lair rune preference: random
     0 | D:1      | 0 ||| qw: Goals: Normal
     0 | D:1      | 0 ||| PLANNING D:1-11
    58 | D:1      | Reached skill level 3 in Dodging
   150 | D:1      | Reached XP level 2. HP: 14/14 MP: 3/3
   228 | D:1      | Found a faded altar of an unknown god.
   573 | D:1      | Reached XP level 3. HP: 18/18 MP: 4/4
   971 | D:1      | 971 ||| UPGRADING to amulet of reflection.
   976 | D:1      | 976 ||| READING scroll labelled VUVVOYXURPH.
   977 | D:1      | 977 ||| READING scroll labelled FUNNU WUADAEQ.
   977 | D:1      | 977 ||| IDENTIFYING glowing purple potion
   978 | D:1      | 978 ||| READING scroll labelled RIROASM USOIF.
   979 | D:1      | 979 ||| DRINKING 2 fuming white potions.
   980 | D:1      | 980 ||| DROPPING scroll of butterflies.
  1095 | D:2      | Noticed Natasha
  1103 | D:2      | HP: 4/18 [Natasha (5)]
  1107 | D:2      | Killed Natasha
  1108 | D:2      | Reached XP level 4. HP: 5/22 MP: 5/5
  1229 | D:2      | Noticed Sigmund
  1252 | D:2      | Killed Sigmund
  1253 | D:2      | Reached skill level 6 in Dodging
  1253 | D:2      | Reached XP level 5. HP: 17/25 MP: 6/6
  1322 | D:2      | Noticed Natasha
  1327 | D:2      | Killed Natasha
  1506 | D:2      | Noticed Natasha
  1509 | D:2      | 1509 ||| FLEEEEING.
  1510 | D:2      | 1510 ||| FLEEEEING.
  1511 | D:2      | 1511 ||| FLEEEEING.
  1512 | D:2      | 1512 ||| FLEEEEING.
  1513 | D:2      | 1513 ||| FLEEEEING.
  1514 | D:2      | 1514 ||| FLEEEEING.
  1515 | D:2      | 1515 ||| FLEEEEING.
  1517 | D:2      | 1517 ||| FLEEEEING.
  1518 | D:2      | 1518 ||| FLEEEEING.
  1523 | D:2      | Killed Natasha
  1524 | D:2      | Reached XP level 6. HP: 29/30 MP: 7/7
  1722 | D:2      | 1722 ||| UPGRADING to ring of positive energy.
  1723 | D:2      | 1723 ||| READING scroll labelled SEUCVAWIOB.
  1723 | D:2      | 1723 ||| ENCHANTING +0 shortbow.
  1724 | D:2      | 1724 ||| READING scroll labelled ASETHR UCVIA.
  1825 | D:2      | 1825 ||| READING scroll labelled ININLU NYCENUI.
  1926 | D:2      | 1926 ||| READING scroll labelled YFOTOPPOEM.
  1958 | D:3      | Found a white marble altar of Elyvilon.
  2220 | D:3      | Found an ornate altar of the Wu Jian Council.
  2985 | D:3      | 2985 ||| READING scroll of identify.
  2985 | D:3      | 2985 ||| IDENTIFYING silvery potion
  2986 | D:3      | 2986 ||| READING scroll labelled MEGIOGROISTRO.
  3043 | D:4      | 3043 ||| STAIRDANCE
  3050 | D:3      | Reached skill level 6 in Ranged Weapons
  3052 | D:4      | 3052 ||| STAIRDANCE
  3089 | D:4      | Identified the amulet "Ottyraf" {Acrobat rN+}
  3104 | D:4      | Found a glowing golden altar of the Shining One.
  3117 | D:4      | Found a basalt altar of Yredelemnul.
  3125 | D:4      | Noticed a profane servitor
  3186 | D:4      | 3186 ||| RETREEEEATING.
  3186 | D:4      | Noticed Pikel
  3196 | D:4      | 3196 ||| RETREEEEATING.
  3197 | D:4      | 3197 ||| FLEEEEING.
  3199 | D:4      | 3199 ||| FLEEEEING.
  3200 | D:4      | 3200 ||| FLEEEEING.
  3201 | D:4      | 3201 ||| FLEEEEING.
  3202 | D:4      | 3202 ||| FLEEEEING.
  3203 | D:4      | 3203 ||| FLEEEEING.
  3204 | D:4      | 3204 ||| FLEEEEING.
  3205 | D:4      | 3205 ||| FLEEEEING.
  3206 | D:4      | 3206 ||| FLEEEEING.
  3207 | D:4      | 3207 ||| FLEEEEING.
  3209 | D:4      | 3209 ||| FLEEEEING.
  3213 | D:4      | 3213 ||| RETREEEEATING.
  3214 | D:4      | 3214 ||| RETREEEEATING.
  3222 | D:4      | HP: 6/30 [Pikel/+2 whip of flaming (5)]
  3223 | D:4      | 3223 ||| RETREEEEATING.
  3224 | D:4      | 3224 ||| RETREEEEATING.
  3225 | D:4      | 3225 ||| RETREEEEATING.
  3226 | D:4      | 3226 ||| RETREEEEATING.
  3226 | D:4      | HP: 1/30 [lemure[Pikel] (5)]
  3227 | D:4      | 3227 ||| RETREEEEATING.
  3228 | D:4      | 3228 ||| RETREEEEATING.
  3229 | D:4      | 3229 ||| RETREEEEATING.
  3230 | D:4      | 3230 ||| RETREEEEATING.
  3231 | D:4      | 3231 ||| FLEEEEING.
  3232 | D:4      | 3232 ||| FLEEEEING.
  3233 | D:4      | 3233 ||| FLEEEEING.
  3234 | D:4      | 3234 ||| FLEEEEING.
  3235 | D:4      | 3235 ||| FLEEEEING.
  3236 | D:4      | 3236 ||| FLEEEEING.
  3237 | D:4      | 3237 ||| FLEEEEING.
  3238 | D:4      | 3238 ||| FLEEEEING.
  3239 | D:4      | 3239 ||| FLEEEEING.
  3240 | D:4      | 3240 ||| STAIRDANCE
  3345 | D:3      | 3345 ||| DROPPING amulet "Ottyraf" {Acrobat rN+}.
  3346 | D:3      | 3346 ||| READING scroll of identify.
  3346 | D:3      | 3346 ||| IDENTIFYING lumpy white potion
  3347 | D:3      | 3347 ||| READING scroll labelled HASUQI QOTS.
  3347 | D:3      | 3347 ||| ENCHANTING +0 shortbow.
  3348 | D:3      | 3348 ||| DRINKING 2 smoky coppery potions.
  3349 | D:3      | 3349 ||| DROPPING potion of degeneration.
  3350 | D:3      | 3350 ||| DROPPING potion of attraction.
  3354 | D:4      | 3354 ||| STAIRDANCE
  3368 | D:3      | HP: 3/30 [Pikel/+2 whip of flaming (9)]
  3368 | D:3      | Slain by Pikel

Levels and vault maps discovered:
D:1:      dpeg_arrival_shelter, layout_loops_corners,
          nicolae_ecumenical_snake_handling
D:2:      layout_basic, uniq_natasha, uniq_sigmund
D:3:      layout_loops_corners, nzn_wu_jian_contemplation, elyvilon_altar_1
D:4:      layout_basic, grunt_temple_overflow_holy_war, serial_shops,
          nicolae_shop_waterfront, serial_demonic, serial_demonic_d,
          serial_demonic_f, serial_demonic_g, serial_demonic_e,
          serial_demonic_f, uniq_pikel

Skill      XL: |  1  2  3  4  5  6 |
---------------+-------------------+-----
Dodging        | 3 4 6 |  6.8
Ranged Weapons | 5 6 |  6.3
Fighting       | 2 |  2.0
Stealth        | |  1.5

Action                     |  1- 3 |  4- 6 || total
---------------------------+-------+-------++-------
   Fire: Shortbow          |    90 |   212 ||   302
    Use: Scroll            |     3 |     8 ||    11
         Potion            |     1 |     1 ||     2
 Armour: Robe              |    12 |    32 ||    44
  Dodge: Dodged            |    20 |   107 ||   127
  Block: Other             |     3 |    31 ||    34
         Reflection        |       |     1 ||     1

Table legend:
 A = Non-vault XP
 B = Vault XP
 C = Vault XP percentage of total XP
 D = Non-vault monster count
 E = Vault monster count
 F = Vault count percentage of total count
                 A         B        C        D         E       F
            +---------+---------+-------+---------+---------+-------
      Total |     334 |     304 |  47.6 |      80 |      10 |  11.1
            +---------+---------+-------+---------+---------+-------
        D:1 |      41 |       6 |  12.8 |      23 |       4 |  14.8
        D:2 |     114 |     259 |  69.4 |      17 |       2 |  10.5
        D:3 |     123 |      16 |  11.5 |      34 |       2 |   5.6
        D:4 |      56 |      23 |  29.1 |       6 |       2 |  25.0
            +---------+---------+-------+---------+---------+-------
